 Dungeon Crawl Stone Soup version 0.31-a0-836-g3ceb0a6 (webtiles) character file.

Game seed: 15950558926981622481

1785 BarneyGumball the Destroyer (level 8, -4/62 HPs)
             Began as a Demonspawn Conjurer on Sept 26, 2023.
             Succumbed to Duvessa's poison
             ... on level 6 of the Dungeon.
             The game lasted 00:25:52 (7967 turns).

BarneyGumball the Destroyer (Demonspawn Conjurer)   Turns: 7967, Time: 00:25:53

Health: -4/62      AC:  4    Str:  7    XL:     8   Next: 81%
Magic:  4/11       EV: 16    Int: 23    God:
Gold:   96         SH:  0    Dex: 11    Spells: 4/11 levels left

rFire   . . .        H - +2 demon trident (venom)
rCold   + + .        (no shield)
rNeg    . . .        a - +0 robe
rPois   .            (helmet unavailable)
rElec   .            u - +0 cloak
rCorr   .            (no gloves)
SInv    .            n - +0 pair of boots
Will    +....        (no amulet)
Stlth   ++           m - ring "Vixauruq" {Wiz rC+ Will+}
HPRegen 0.30/turn    q - ring of protection from cold
MPRegen 0.12/turn

%: wizardry (x1)
@: lethally poisoned (-4 -> -22)
A: horns 3, repulsion field 2
a: no special abilities


You were on level 6 of the Dungeon.
You visited 1 branch of the dungeon, and saw 6 of its levels.

You collected 404 gold pieces.
You spent 308 gold pieces at shops.

Inventory:

Hand Weapons
 H - a +2 demon trident of venom (weapon)
Armour
 a - a +0 robe (worn)
 n - a +0 pair of boots (worn)
 o - the -2 hat of the Forest {rElec rPois rF- Dex+5}
   (You found it on level 2 of the Dungeon)

   Dex+5:     It affects your dexterity (+5).
   rF-:       It makes you vulnerable to fire.
   rElec:     It insulates you from electricity.
   rPois:     It protects you from poison
 u - a +0 cloak (worn)
Magical Staves
 F - a staff of death
Jewellery
 m - the ring "Vixauruq" (left hand) {Wiz rC+ Will+}
   (You found it on level 2 of the Dungeon)

   [ring of wizardry]

   Wiz:       It improves your spell success rate.
   rC+:       It protects you from cold.
   Will+:     It increases your willpower.
 q - a ring of protection from cold (right hand)
 r - a ring of willpower
Wands
 c - a wand of iceblast (1)
 C - a wand of charming (6)
 J - a wand of flame (13)
Scrolls
 b - a scroll of fear
 e - 8 scrolls of identify
 g - a scroll of enchant weapon {unknown}
 h - 2 scrolls of fog {unknown}
 i - 4 scrolls of blinking {unknown}
 j - 2 scrolls of vulnerability {unknown}
 l - a scroll of torment {unknown}
 v - a scroll of summoning {unknown}
 w - a scroll of amnesia {unknown}
 y - a scroll of revelation {unknown}
 A - a scroll of brand weapon {unknown}
 B - 2 scrolls of poison {unknown}
 E - a scroll of enchant armour {unknown}
 I - a scroll of silence {unknown}
Potions
 d - 3 potions of might
 p - a potion of mutation
 s - a potion of brilliance
 t - a potion of lignification
 x - a potion of haste {unknown}
 z - a potion of heal wounds {unknown}
 D - a potion of cancellation {unknown}
 G - a potion of enlightenment {unknown}


   Skills:
 - Level 5.0 Fighting
 - Level 4.0 Dodging
 - Level 1.7 Stealth
 - Level 2.0 Spellcasting
 - Level 8.0 Conjurations
 + Level 3.0 Necromancy
 - Level 4.0 Translocations
 + Level 2.5 Earth Magic


You had 4 spell levels left.
You knew the following spells:

 Your Spells              Type           Power      Damage    Failure   Level
a - Magic Dart            Conj           100%       1d8       1%          1
b - Searing Ray           Conj           78%        2d7       1%          2
c - Iskenderun's Mystic   Conj/Tloc      29%        2d7       4%          4

Your spell library contained the following spells:

 Spells                   Type           Power      Damage    Failure   Level
 Dazzling Flash           Conj/Hex       40%        N/A       3%          3
 Summon Small Mammal      Summ           8%         N/A       5%          1
 Volatile Blastmotes      Fire/Tloc      22%        2d11      7%          3
 Fulminant Prism          Conj/Hex       10%        3d8       10%         4
 Animate Dead             Necr           16%        N/A       14%         4
 Call Canine Familiar     Summ           2%         N/A       16%         3
 Summon Guardian Golem    Hex/Summ       2%         N/A       16%         3
 Tukima's Dance           Hex            2%         N/A       16%         3
 Dimensional Bullseye     Hex/Tloc       5%         N/A       22%         4
 Borgnjor's Vile Clutch   Necr/Erth      7%         N/A       41%         5
 Starburst                Conj/Fire      10%        6d5       80%         6
 Death Channel            Necr           8%         N/A       89%         6
 Maxwell's Capacitive Co  Air            1%         ∞         100%        8


Dungeon Overview and Level Annotations

Branches:
Dungeon (6/15)             Temple (0/1) D:6

Altars:
Ashenzari
Dithmenos
Nemelex Xobeh
Ru
Xom

Shops:
D:3 ?!!:?

Annotations:
D:5 Menkaure
D:6 Duvessa, Jeremiah


Innate Abilities, Weirdness & Mutations

You have a pair of large horns on your head.
You are surrounded by a moderate repulsion field. (EV +3)


Message History

Okay, then.
Unknown command.
Okay, then.
You barely miss Duvessa.
Duvessa is moderately wounded.
Duvessa barely misses you. Duvessa completely misses you.
You closely miss Duvessa. You headbutt Duvessa, but do no damage.
Duvessa is moderately wounded.
Duvessa closely misses you.
Duvessa hits you with a +0 short sword of venom.
You are poisoned.
You hit Duvessa but do no damage.
Duvessa is poisoned.
You headbutt Duvessa, but do no damage.
Duvessa is moderately wounded.
You feel very sick. Duvessa completely misses you.
Duvessa hits you with a +0 short sword of venom!
You hit Duvessa. You headbutt Duvessa, but do no damage.
Duvessa is moderately wounded.
You feel sick.
Duvessa hits you with a +0 short sword of venom.
You are more poisoned.
Duvessa completely misses you.
You barely miss Duvessa.
Duvessa is moderately wounded.
You feel very sick. Duvessa barely misses you.
Duvessa hits you with a +0 short sword of venom!
You are more poisoned.
You completely miss Duvessa. You headbutt Duvessa, but do no damage.
Duvessa is heavily wounded.
You feel extremely sick.
Duvessa hits you with a +0 short sword of venom.
* * * LOW HITPOINT WARNING * * *
Duvessa hits you with a +0 short sword of venom!
* * * LOW HITPOINT WARNING * * *
You hit Duvessa but do no damage.
Duvessa looks as sick as possible!
You headbutt Duvessa. You punch Duvessa, but do no damage.
Duvessa is severely wounded.
You die...

##.8.8.8.#
#...⌠.⌠..#
#..8.>.8.#
#...⌠.⌠..# ###
#######..8[8.8.#
..#
#...e..........#
#.#
#.#######.#.####
#.### #e#
#....## ....#
#@# #.....####
#.#.# #.#
##.......) ..#.#
#.# ##.######
###.# #.## #e#
#.# #..# #.#
#.#### ##.#
##'## #....# #.#
##...## #####.#
##.# ##.....##
##.###.# ##..#
##.......###


You could see Duvessa (berserk, extremely poisoned).

Vanquished Creatures
  Grinder (D:4)
  2 water moccasins (D:6)
  An ice beast (D:6)
  A centaur (D:5)
  An ogre (D:4)
  A bullfrog (D:6)
  2 scorpions
  Dowan (D:6)
  6 killer bees (D:5)
  A howler monkey (D:4)
  4 jellies
  5 hounds
  Ijyb (D:5)
  An iguana (D:4)
  3 orc wizards
  Robin (D:4)
  An adder (D:3)
  2 shadow imps
  2 white imps (D:5)
  2 worms
  6 dart slugs
  10 orcs
  4 ball pythons
  11 bats
  8 endoplasms
  2 giant cockroaches
  13 goblins
  10 hobgoblins
  12 kobolds
  5 quokkas
  2 frilled lizards
  5 rats
127 creatures vanquished.

Notes
Turn   | Place    | Note
-------+----------+-------------------------------------------
     0 | D:1      | BarneyGumball the Demonspawn Conjurer began the quest for
                  | the Orb.
     0 | D:1      | Reached XP level 1. HP: 13/13 MP: 3/3
   248 | D:1      | Gained mutation: You have a pair of small horns on your
                  | head. [demonic ancestry]
   248 | D:1      | Reached XP level 2. HP: 19/19 MP: 1/5
   992 | D:1      | Reached skill level 5 in Conjurations
  1231 | D:1      | Reached XP level 3. HP: 24/24 MP: 3/6
  2014 | D:2      | Learned a level 2 spell: Searing Ray
  2025 | D:2      | Identified the ring "Vixauruq" {Wiz rC+ Will+}
  2110 | D:2      | Identified the -2 hat of the Forest {rElec rPois rF- Dex+5}
  2594 | D:3      | Gained mutation: You are surrounded by a mild repulsion
                  | field. (EV +2) [demonic ancestry]
  2594 | D:3      | Reached XP level 4. HP: 30/30 MP: 1/7
  2656 | D:3      | Found Yparuops's Distillery.
  2663 | D:3      | Found Yruamn's Magic Scroll Emporium.
  2671 | D:3      | Bought a potion of brilliance for 40 gold pieces
  2671 | D:3      | Bought a potion of curing for 30 gold pieces
  2671 | D:3      | Bought a potion of lignification for 30 gold pieces
  2671 | D:3      | Bought a potion of might for 40 gold pieces
  2765 | D:3      | Found Eqaoff's Book Shop.
  2889 | D:3      | Reached skill level 1 in Translocations
  3166 | D:3      | Bought a scroll of identify for 28 gold pieces
  3167 | D:3      | Bought a scroll of identify for 28 gold pieces
  3239 | D:3      | Learned a level 4 spell: Iskenderun's Mystic Blast
  3314 | D:3      | Found Miboeh's Distillery.
  3356 | D:3      | Found a sparkling altar of Nemelex Xobeh.
  3505 | D:3      | Gained mutation: You are surrounded by a moderate repulsion
                  | field. (EV +3) [demonic ancestry]
  3505 | D:3      | Reached XP level 5. HP: 20/35 MP: 0/8
  3832 | D:3      | Found Zuurapp's Magic Scroll Emporium.
  3931 | D:3      | Found a shadowy altar of Dithmenos.
  3931 | D:3      | Found a sacrificial altar of Ru.
  3932 | D:3      | Found a shimmering altar of Xom.
  3993 | D:4      | Found a broken altar of Ashenzari.
  4028 | D:4      | Noticed an ogre
  4032 | D:4      | Reached skill level 6 in Conjurations
  4055 | D:4      | Killed an ogre
  4128 | D:4      | Gained mutation: You have a pair of horns on your head.
                  | [demonic ancestry]
  4128 | D:4      | Reached XP level 6. HP: 39/41 MP: 4/9
  4285 | D:4      | Noticed Grinder
  4306 | D:4      | Killed Grinder
  4307 | D:4      | Reached skill level 7 in Conjurations
  4309 | D:4      | Reached XP level 7. HP: 37/46 MP: 4/10
  4329 | D:4      | Noticed Robin
  4477 | D:4      | Killed Robin
  5121 | D:3      | Bought a scroll of teleportation for 42 gold pieces
  5121 | D:3      | Bought a scroll of noise for 14 gold pieces
  5164 | D:3      | Bought a scroll of fear for 56 gold pieces
  5186 | D:5      | Entered Level 5 of the Dungeon
  5187 | D:5      | Noticed Menkaure
  5495 | D:5      | Reached skill level 8 in Conjurations
  5595 | D:5      | Reached skill level 1 in Fighting
  5645 | D:5      | Noticed Ijyb
  5654 | D:5      | Killed Ijyb
  6109 | D:5      | Gained mutation: You have a pair of large horns on your
                  | head. [demonic ancestry]
  6109 | D:5      | Reached XP level 8. HP: 31/57 MP: 2/11
  6930 | D:6      | Reached skill level 5 in Fighting
  7012 | D:6      | Noticed Jeremiah
  7056 | D:6      | Noticed Dowan
  7339 | D:6      | Reached skill level 1 in Necromancy
  7339 | D:6      | Reached skill level 1 in Earth Magic
  7591 | D:6      | Found a staircase to the Ecumenical Temple.
  7612 | D:6      | Killed Dowan
  7691 | D:6      | Noticed Duvessa
  7966 | D:6      | HP: 1/62 [Duvessa/+0 short sword of venom (14)]
  7967 | D:6      | Succumbed to Duvessa's poison

Illustrated notes

Levels and vault maps discovered:
D:1:      wander_arrival_chamber, layout_loops_corners, minmay_pentomino_s2
D:2:      layout_loops_cross, minmay_misc_feat_columns
D:3:      layout_loops_ring, minitemple, serial_shops, nicolae_shop_trees, shop,
          shop, shop, shop, serial_park_tiny_2,
          minmay_fractal_squares_diagonal_5
D:4:      layout_basic, amcnicky_altar_gilded, uniq_robin, uniq_grinder
D:5:      layout_cave_pools, uniq_menkaure, uniq_ijyb
D:6:      layout_loops_corners, minmay_temple_entry_statues_fountains,
          uniq_duvessa, uniq_jeremiah

Skill      XL: |  1  2  3  4  5  6  7  8 |
---------------+-------------------------+-----
Conjurations   | 5 6 7 8 |  8.0
Translocations | 1 2 4 |  4.0
Fighting       | 2 5 |  5.0
Dodging        | 3 4 |  4.0
Necromancy     | 3 |  3.0
Earth Magic    | 2 |  2.5
Stealth        | |  1.7
Spellcasting   | |  2.0

Action                     |  1- 3 |  4- 6 |  7- 9 || total
---------------------------+-------+-------+-------++-------
  Melee: Unarmed           |     1 |       |       ||     1
         Short sword       |    11 |    21 |     4 ||    36
         Headbutt          |     2 |     3 |     8 ||    13
         Trident           |       |       |    11 ||    11
         Dagger            |       |       |     3 ||     3
         Demon trident     |       |       |    17 ||    17
         Punch             |       |       |     1 ||     1
   Cast: Magic Dart        |   108 |    44 |    83 ||   235
         Searing Ray       |     1 |    14 |    21 ||    36
         Iskenderun's Myst |       |       |     6 ||     6
  Evoke: Wand              |       |       |     1 ||     1
    Use: Potion            |       |     3 |     6 ||     9
         Scroll            |       |     1 |     5 ||     6
 Armour: Robe              |    22 |    14 |    56 ||    92
         Skin              |       |    17 |     2 ||    19
  Dodge: Dodged            |    22 |    29 |    59 ||   110

Table legend: (Time is in decaauts)
 A = Elapsed time spent in this place.
 B = Non-inter-level travel time spent in this place.
 C = Inter-level travel time spent in this place.
 D = Time resting spent in this place.
 E = Time spent auto-exploring this place.
 F = Levels seen in this place.
 G = Mean time per level.
                   A        B        C        D        E       F      G
               +--------+--------+--------+--------+--------+-----+--------+
         Total |   7975 |   7472 |    503 |    704 |   5510 |   6 | 1329.2 |
       Dungeon |   7975 |   7472 |    503 |    704 |   5510 |   6 | 1329.2 |
               +--------+--------+--------+--------+--------+-----+--------+

Top non-repeatable levels by time:
     D:3: 1697 daAuts
     D:6: 1626 daAuts
     D:1: 1488 daAuts
     D:5: 1130 daAuts
     D:2: 1048 daAuts
     D:4: 984 daAuts
